 Dungeon Crawl Stone Soup version 0.28.0-45-g0d030f2227 (webtiles) character file.

Game seed: 3627281633373810694

9 protoss039 the Digger (level 2, 0/15 HPs)
             Began as a Gargoyle Earth Elementalist on Apr 15, 2022.
             Slain by a bat (1 damage)
             ... on level 1 of the Dungeon.
             The game lasted 00:00:32 (243 turns).

protoss039 the Digger (Gargoyle Earth Elementalist)  Turns: 243, Time: 00:00:33

Health: 0/15       AC:  4    Str: 11    XL:     2   Next: 16%
Magic:  0/5        EV: 12    Int: 15    God:
Gold:   17         SH:  0    Dex: 10    Spells: 4/5 levels left

rFire   . . .      SeeInvis .   (no weapon)
rCold   . . .      Faith    .   (no shield)
rNeg    + . .      Spirit   .   b - +0 robe
rPois   ∞          Reflect  .   (no helmet)
rElec   +          Harm     .   (no cloak)
rCorr   .          Rampage  .   (no gloves)
Will    .....                   (no boots)
Stlth   ++........              (no amulet)
HPRegen 0.05/turn               (no ring)
MPRegen 0.09/turn               (no ring)

@: no status effects
A: sickness immunity, AC +2, negative energy resistance 1, electricity
resistance, torment resistance 1, petrification resistance
a: no special abilities


You were on level 1 of the Dungeon.
You visited 1 branch of the dungeon, and saw 1 of its levels.

You collected 17 gold pieces.

Inventory:

Missiles
 c - 22 stones
Armour
 b - a +0 robe (worn)


   Skills:
 * Level 1.9 Dodging
 * Level 2.5 Stealth
 + Level 2.0 Spellcasting
 + Level 0.9 Transmutations
 + Level 3.7 Earth Magic


You had 4 spell levels left.
You knew the following spells:

 Your Spells              Type           Power      Damage    Failure   Level
a - Sandblast             Erth           24%        2d8       4%          1

Your spell library contained the following spells:

 Spells                   Type           Power      Damage    Failure   Level
 Passwall                 Tmut/Erth      6%         N/A       13%         2
 Stone Arrow              Conj/Erth      14%        3d7       30%         3
 Petrify                  Tmut/Erth      8%         N/A       63%         4


Dungeon Overview and Level Annotations

Branches:
Dungeon (1/15)

Altars:


Innate Abilities, Weirdness & Mutations

You are immune to sickness and miasma.
Your stone body is resilient. (AC +2)
You are immune to poison.
You resist negative energy. (rN+)
You are resistant to electric shocks. (rElec)
You are resistant to unholy torment.
You are immune to petrification.


Message History

The bat completely misses you. The bat closely misses you.
The ball python closely misses you. The ball python grabs you.
The ball python constricts you.
You escape the ball python's grasp.
The bat closely misses you.
Casting: Sandblast (safe; 4% risk of failure)
Confirm with . or Enter, or press ? or * to list all spells.
You don't have enough magic to cast this spell.
Unknown command.
Unknown command.
The ball python misses you. The ball python grabs you.
The ball python constricts you.
Unknown command.
You hit the ball python.
The ball python is severely wounded.
The bat hits you but does no damage. The ball python misses you.
The ball python constricts you.
You closely miss the ball python.
The ball python is severely wounded.
The ball python bites you.
* * * LOW HITPOINT WARNING * * *
The ball python constricts you.
Unknown command.
You hit the ball python but do no damage.
The ball python is severely wounded.
The bat hits you but does no damage. The ball python bites you.
* * * LOW HITPOINT WARNING * * *
The ball python constricts you.
Unknown command.
Casting: Sandblast (safe; 4% risk of failure)
Confirm with . or Enter, or press ? or * to list all spells.
Aiming: Sandblast (safe; 4% risk of failure)
Press: ? - help, Shift-Dir - straight line, f/p - ball python
Aim: a ball python (severely wounded, constricting you, 77% to hit)
The blast of sand hits the ball python.
You kill the ball python!
The bat hits you but does no damage.
Unknown command.
The bat barely misses you.
You miss the bat. The bat hits you.
You die...

#.....†........# #
#..............# ######.###
#..............# #.......##
#..............# #.......##
#..............# #.......##
#..............# #........#
#..............######........#
###########..b..............##
###@..............'.
#...............##
#...............#
#...............##
#................#
#................#
#................#
#########........# #........#


You could see a bat.

Vanquished Creatures
  A ball python (D:1)
  3 bats (D:1)
  An endoplasm (D:1)
  2 quokkas (D:1)
  A frilled lizard (D:1)
8 creatures vanquished.

Notes
Turn   | Place    | Note
-------+----------+-------------------------------------------
     0 | D:1      | protoss039 the Gargoyle Earth Elementalist began the quest
                  | for the Orb.
     0 | D:1      | Reached XP level 1. HP: 10/10 MP: 3/3
   219 | D:1      | Reached XP level 2. HP: 11/15 MP: 1/5
   243 | D:1      | Slain by a bat

Illustrated notes

Levels and vault maps discovered:
D:1:      zaba_arrival_water, layout_basic, moated_statue

Action                   || total
-------------------------++-------
Melee: Unarmed           ||    24
 Cast: Sandblast         ||     8
 Stab: Sleeping          ||     1
Armor: Robe              ||    14
Dodge: Dodged            ||    30
